 Dungeon Crawl Stone Soup version 0.19-a0-1225-gf887c1c (webtiles) character file.

186 hairmachine the Cutter (level 5, -6/34 HPs)
             Began as an Octopode Artificer on Aug 25, 2016.
             Mangled by Grinder (10 damage)
             ... on level 3 of the Dungeon.
             The game lasted 00:08:39 (2118 turns).

hairmachine the Cutter (Octopode Artificer)         Turns: 2118, Time: 00:08:40

Health: -6/34      AC:  1    Str: 11    XL:     5   Next: 65%
Magic:  7/7        EV: 14    Int: 13    God:
Gold:   49         SH:  0    Dex: 14    Spells: 0 memorised, 4 levels left

rFire  . . .     SeeInvis .     a - +0 short sword
rCold  . . .     Gourm    .     (no shield)
rNeg   . . .     Faith    .     (helmet restricted)
rPois  .         Spirit   .     (no amulet)
rElec  .         Dismiss  .     (no ring)
rCorr  .         Reflect  .     (no ring)
MR     .....     Harm     .     (no ring)
Stlth  +++.......               (no ring)
                                (no ring)
                                (no ring)
                                (no ring)
                                (no ring)

@: no status effects
A: almost no armour, amphibious, 8 rings, constrict 8, camouflage 1, gelatinous
body 1
a: no special abilities


You were on level 3 of the Dungeon.
You were not hungry.

You visited 1 branch of the dungeon, and saw 3 of its levels.

You collected 49 gold pieces.

Inventory:

Hand Weapons
 a - a +0 short sword (weapon)
Missiles
 e - 23 poisoned needles
 g - 37 stones (quivered)
Wands
 b - a wand of flame (1/48)
 c - a wand of enslavement (10/24)
 d - a wand of random effects (9/48)
Scrolls
 h - 2 scrolls of fear {unknown}
 k - 2 scrolls of remove curse {unknown}
 n - 3 scrolls of identify {unknown}
 o - a scroll of noise {unknown}
 q - a scroll of enchant weapon {unknown}
Potions
 i - a potion of degeneration {unknown}
 j - a potion of brilliance {unknown}
 l - 2 potions of resistance {unknown}
 m - a potion of curing {unknown}
 r - a potion of lignification {unknown}
 s - a potion of heal wounds {unknown}
Comestibles
 f - 4 bread rations
 p - a meat ration
 t - 6 chunks of flesh


   Skills:
 + Level 2.0 Fighting
 + Level 4.6 Short Blades
 + Level 2.6 Dodging
 - Level 1.3 Stealth
 - Level 3.2 Evocations


You had 4 spell levels left.
You didn't know any spells.

Dungeon Overview and Level Annotations

Branches:
Dungeon (3/15)

Altars:
Ashenzari
Gozag

Annotations:
D:3 Grinder


Innate Abilities, Weirdness & Mutations

You cannot wear most types of armour.
You are amphibious.
You can wear up to eight rings at the same time.
You can use your tentacles to constrict eight enemies at once.
Your skin changes colour to match your surroundings (Stealth+).
Your rubbery body absorbs attacks. (AC +1, EV +1)


Message History

Grinder comes into view.
Grinder shouts!
Grinder gestures at you. Pain shoots through your body!
Grinder barely misses you.
You hit Grinder. You grab Grinder.
Grinder is lightly wounded.
You constrict Grinder. Grinder hits you!
You writhe in agony.
You hit Grinder. You squeeze Grinder, but do no damage.
Grinder is lightly wounded.
You constrict Grinder. Grinder hits you!
* * * LOW HITPOINT WARNING * * *
Evoke which item? (* to show all) (? for menu, Esc to quit)
Zapping:
d - a wand of random effects (10/48)
Press: ? - help, Shift-Dir - straight line, f - Grinder
Aim: Grinder (lightly wounded, constricted by you)
The puff of flame hits Grinder.
Grinder is moderately wounded.
This wand has 9 charges left.
You constrict Grinder. Grinder hits you!
You die...

#.............
#.###
#..##.#...##
.# #..##..#
#.. .
#..#.#.##
##...###.#
.>.#.#.##
#.#.##..###..
.. #........#
. ###@..####
#.5........
#.##..#####
... #..# ###
#... ##.## .#
.#


You could see Grinder.

Vanquished Creatures
  An ogre (D:3)
  Ijyb (D:2)
  2 adders (D:2)
  An ooze (D:1)
  A worm (D:2)
  2 dart slugs (D:1)
  2 giant geckos
  4 giant cockroaches
  6 goblins
  6 hobgoblins
  A jackal (D:2)
  4 bats
  3 giant newts
  4 kobolds
  9 rats
47 creatures vanquished.

Notes
Turn   | Place    | Note
-------+----------+-------------------------------------------
     0 | D:1      | hairmachine the Octopode Artificer began the quest for the Orb.
     0 | D:1      | Reached XP level 1. HP: 13/13 MP: 3/3
   180 | D:1      | Reached skill level 2 in Short Blades
   180 | D:1      | Reached XP level 2. HP: 18/18 MP: 4/4
   522 | D:1      | Reached XP level 3. HP: 23/23 MP: 5/5
   730 | D:2      | Reached skill level 3 in Short Blades
   810 | D:2      | Noticed Ijyb
   816 | D:2      | Killed Ijyb
   816 | D:2      | Reached XP level 4. HP: 28/28 MP: 6/6
   848 | D:2      | Reached skill level 4 in Short Blades
  1523 | D:2      | Found a shattered altar of Ashenzari.
  1822 | D:2      | Found an opulent altar of Gozag.
  1986 | D:3      | Noticed an ogre
  2076 | D:3      | Killed an ogre
  2076 | D:3      | Reached XP level 5. HP: 34/34 MP: 7/7
  2102 | D:3      | Noticed Grinder
  2118 | D:3      | Mangled by Grinder

Vault maps used:
D:1:      shiori_arrival_maze
D:2:      overflow_temple_1_default, grunt_gozag_breadcrumbs,
          kennysheep_cross_bottleneck, uniq_iyjb
D:3:      first_bread, uniq_crazy_yiuf_cottage, uniq_grinder

Skill      XL: |  1  2  3  4 |
---------------+-------------+-----
Short Blades   | 2 3 4 |  4.6
Fighting       | 2 |  2.0
Dodging        | |  2.6
Stealth        | |  1.3
Evocations     | |  3.2

Action                   |  1- 3 |  4- 6 || total
-------------------------+-------+-------++-------
Melee: Short sword       |    33 |    48 ||    81
       Constrict         |     7 |    13 ||    20
       Tentacles         |     5 |     9 ||    14
Evoke: Wand              |     6 |    19 ||    25
 Stab: Sleeping          |    12 |     5 ||    17
  Eat: Chunk             |       |     4 ||     4
Armor: Skin              |     1 |     4 ||     5
Dodge: Dodged            |     8 |    26 ||    34
